 Dungeon Crawl Stone Soup version 0.23.0 (webtiles) character file.

Game seed: 13650599190506039437

337901 BarneyGumball the Slayer (level 20, -17/180 HPs)
             Began as a Minotaur Berserker on Feb 22, 2019.
             Was a High Priest of Trog.
             Killed from afar by a titan (41 damage)
             ... with a bolt of lightning
             ... on level 3 of the Depths.
             The game lasted 01:30:11 (45641 turns).

BarneyGumball the Slayer (Minotaur Berserker)      Turns: 45641, Time: 01:30:12

Health: -17/180    AC: 39    Str: 29    XL:     20   Next: 63%
Magic:  24/24      EV:  6    Int:  4    God:    Trog [*****.]
Gold:   614        SH: 26    Dex: 12    Spells: 19/19 levels left

rFire    + + .     SeeInvis .   y - +9 broad axe (vamp)
rCold    + . .     Gourm    .   A - +1 large shield
rNeg     . . .     Faith    .   h - +8 crystal plate armour
rPois    .         Spirit   .   (helmet restricted)
rElec    .         Reflect  +   K - scarf {rC+ rF+}
rCorr    .         Harm     .   E - +0 pair of gloves
MR       ++++.                  w - +0 pair of boots
Stlth    ..........             R - +3 amulet of reflection
HPRegen  1.40/turn              H - ring of protection from magic
MPRegen  0.19/turn              t - ring of protection from fire

@: berserk cooldown, regenerating, hasted and slowed
A: retaliatory headbutt, horns 2, frail 1
}: 3/15 runes: decaying, serpentine, abyssal
a: Berserk, Trog's Hand, Brothers in Arms, Renounce Religion


You were on level 3 of the Depths.
You worshipped Trog.
Trog was extremely pleased with you.
You were hungry.

You visited 7 branches of the dungeon, and saw 38 of its levels.
You visited the Abyss 3 times.

You collected 3449 gold pieces.
You spent 2835 gold pieces at shops.

Inventory:

Hand Weapons
 a - a +2 scimitar of flaming
 y - a +9 vampiric broad axe (weapon)
Armour
 h - a +8 crystal plate armour (worn)
 w - a +0 pair of boots (worn)
 A - a +1 large shield (worn)
 E - a +0 pair of gloves (worn)
 K - a scarf of resistance (worn)
Jewellery
 l - an uncursed ring of positive energy
 n - an uncursed ring of see invisible
 t - a ring of protection from fire (right hand)
 H - a ring of protection from magic (left hand)
 R - a +3 amulet of reflection (around neck)
 W - an uncursed ring of poison resistance
Wands
 f - a wand of acid (11)
 x - a wand of enslavement (7)
 C - a wand of digging (11)
 D - a wand of disintegration (23)
 N - a wand of flame (11)
 O - a wand of clouds (8)
 T - a wand of scattershot (4)
 U - a wand of iceblast (20)
 Y - a wand of paralysis (13)
Scrolls
 b - a scroll of enchant armour
 g - a scroll of enchant weapon
 i - a scroll of blinking
 o - 4 scrolls of magic mapping
 q - 10 scrolls of teleportation
 z - a scroll of fog
 F - 13 scrolls of remove curse
 G - 2 scrolls of holy word
 L - a scroll of summoning
 P - 4 scrolls of immolation
 Q - a scroll of brand weapon
 S - 2 scrolls of identify
 Z - 2 scrolls of fear
Potions
 d - 7 potions of lignification
 e - 3 potions of cancellation
 j - a potion of magic
 k - a potion of ambrosia {unknown}
 m - 8 potions of flight
 p - 3 potions of invisibility
 r - a potion of heal wounds
 s - 5 potions of haste
 u - 3 potions of mutation
 v - a potion of resistance
 B - 4 potions of might
 I - 2 potions of agility
 J - 11 potions of curing
 M - 3 potions of berserk rage
Comestibles
 c - 17 rations


   Skills:
 * Level 21.9 Fighting
 - Level 20.0 Axes
 - Level 12.0 Throwing
 + Level 21.2 Armour
 - Level 2.1 Dodging
 + Level 16.6 Shields
 + Level 7.3 Evocations


You had 19 spell levels left.
You didn't know any spells.
Your spell library was empty.

Dungeon Overview and Level Annotations

Branches:
Dungeon (15/15)            Temple (0/1) D:4            Lair (6/6) D:8
  Swamp (4/4) Lair:4        Snake (4/4) Lair:4        Slime (0/5) Lair:5
    Orc (2/2) D:12            Elf (0/3) Orc:2        Vaults (4/5) D:13
  Crypt (0/3) Vaults:2     Depths (3/5) D:15

Altars:
Ashenzari
Fedhas
Gozag
Kikubaaqudgha
Makhleb
Okawaru
Sif Muna
Trog
Uskayaw
Vehumet
Yredelemnul
Zin
Beogh
Jiyva

Shops:
D:4 [[*   D:5 *(?[[   D:8 !   Orc:2 (??*   Snake:1 ?   Vaults:3 *(??
Vaults:4 =   Depths:2 }=}

Portals:
Hell: Depths:1 Depths:2 Depths:3
Abyss: Depths:2
Ziggurat: Depths:2

Annotations:
D:2 1 runed translucent door, Crazy Yiuf
D:4 1 runed translucent door, TheOrbIsALie's ghost, novice GnWn
D:8 3 runed translucent doors, Ihryk's ghost, novice CeHu
D:14 4 runed translucent doors
Lair:2 3 runed translucent doors, Anathematize's ghost, novice MfIE
Lair:5 1 runed translucent door
Orc:1 4 transporters, myxocpahck's ghost, journeyman DsGl
Vaults:1 exclusion: obsidian statue
Depths:2 exclusion: statue
Depths:3 2 runed translucent doors, Dameikh's ghost, veteran FoFi


Innate Abilities, Weirdness & Mutations

You reflexively headbutt those who attack you in melee.
You have a pair of horns on your head.
You are frail. (-10% HP)


Message History

You block the spriggan defender's attack.
The spriggan air mage waves its arms in wide circles.
The air twists around and strikes you!
The titan waves its arms in wide circles.
The air twists around and strikes you!
The spriggan defender blocks your attack.
The spriggan defender is severely wounded.
You hit the titan.
You feel better.
The spriggan defender hits you with a +0 flail of protection.
The titan casts a spell at you. The bolt of lightning hits you!!
The bolt of lightning hits you!!!
* * * LOW HITPOINT WARNING * * *
The bolt of lightning hits the titan.
The titan completely resists.
The bolt of lightning hits the titan.
The titan completely resists.
The titan gestures at you while chanting.
The bolt of lightning hits the titan.
The titan completely resists.
The bolt of lightning hits you!!
* * * LOW HITPOINT WARNING * * *
The bolt of lightning hits you!!!
You die...

.'...................
#................#..
.###...########.##..
#...# #.##.. #...#
#..... #.).# #.....
####i## #.....
#.#.#i#[# #.##..
#.[@###.. ###...
##.#C# #.# #.#' ##
#C# ## #...


DC# #... ## #... #... #... #... #... You could see 2 titans, a frost giant, an
ice dragon, a spriggan defender and a spriggan air mage.

Vanquished Creatures
  Saint Roka (Orc:2)
  Asterion (Vaults:3)
  3 tentacled starspawn (Abyss:3)
  A thorn hunter (Abyss:3)
  2 storm dragons
  A sphinx (Depths:2)
  2 nagarajas (Snake:4)
  6 fire giants
  7 vault wardens
  A deep elf sorcerer (Vaults:2)
  4 frost giants
  A ghost moth (Abyss:3)
  8 ironheart preservers
  A deep elf demonologist (Vaults:2)
  8 very ugly things
  15 stone giants
  A spriggan defender (Depths:3)
  2 entropy weavers (Vaults:2)
  2 deep elf annihilators
  A deep elf death mage (Vaults:3)
  3 ettins
  4 fire dragons
  11 vault guards
  6 yaktaur captains
  3 great orbs of eyes
  15 naga warriors
  Erolcha (D:11)
  9 hydras
  12 ice dragons
  2 spriggan air magi (Depths:2)
  2 ghost crabs
  4 rakshasas
  A catoblepas (D:13)
  6 anacondas
  7 alligators
  7 ogre magi
  4 death knights
  27 two-headed ogres
  2 centaur warriors
  3 orc high priests (Orc:2)
  5 deep troll earth magi (Depths:2)
  A death yak (Lair:2)
  4 deep troll shamans
  2 tengu warriors
  4 thrashing horrors
  5 naga sharpshooters
  3 shock serpents
  5 deep elf knights
  4 hell knights (Depths:3)
  Sonja (D:12)
  2 shadow wraiths
  2 salamander mystics
  An iron troll (Depths:3)
  3 wretched stars (Abyss:3)
  11 skeletal warriors
  A spriggan druid (Swamp:3)
  A flayed ghost (Vaults:3)
  15 deep trolls
  5 unseen horrors
  A deep elf archer (Vaults:3)
  A swamp dragon (Swamp:2)
  11 ironbrand convokers
  2 necromancers
  7 naga ritualists
  6 wizards
  A harpy (shapeshifter) (D:15)
  16 orc knights
  10 mana vipers
  33 ugly things
  3 orc sorcerers (Orc:1)
  6 deep elf magi
  6 harpies
  5 wolf spiders
  4 cyclopes
  8 salamanders
  A shadow dragon skeleton (Abyss:3)
  A worldbinder (Abyss:3)
  Joseph (D:8)
  A molten gargoyle (Depths:2)
  An elephant (shapeshifter) (Depths:2)
  4 guardian serpents
  20 naga magi
  2 elephants (Lair:2)
  Psyche (D:9)
  A water nymph (shapeshifter) (Vaults:1)
  A black mamba (shapeshifter) (Vaults:4)
  39 black mambas
  6 vault sentinels
  An eye of devastation (Abyss:3)
  An orange demon (Vaults:1)
  A smoke demon (Abyss:3)
  3 gargoyles
  A storm dragon simulacrum (Vaults:3)
  7 spiny frogs
  5 spectral swamp worms (Depths:3)
  2 rime drakes (shapeshifter)
  2 komodo dragons (shapeshifter) (Vaults:1)
  10 freezing wraiths
  32 yaktaurs
  A yaktaur (shapeshifter) (Vaults:3)
  3 kobold demonologists (D:13)
  A rime drake (Lair:2)
  9 komodo dragons
  3 ancient zymes (Abyss:3)
  An efreet (Abyss:2)
  A queen bee (shapeshifter) (Vaults:1)
  A red devil (Vaults:1)
  A polar bear (shapeshifter) (Depths:1)
  4 tengu conjurers
  3 jumping spiders (Vaults:2)
  2 large abominations (Abyss:3)
  5 tyrant leeches
  6 hornets
  3 trolls
  4 bog bodies
  4 raiju (Abyss:3)
  9 blink frogs
  A hornet (shapeshifter) (Vaults:2)
  8 dream sheep
  18 slime creatures
  9 hippogriffs
  A shadow (D:13)
  A starcursed mass (Abyss:3)
  A ynoxinul (Abyss:3)
  A centaur simulacrum (D:15)
  4 spriggans
  5 redbacks (Vaults:2)
  2 water elementals (Depths:1)
  A wraith (D:14)
  A tarantella (shapeshifter) (Vaults:4)
  7 humans (D:13)
  Eustachio (D:4)
  5 fire bats
  2 wyverns
  6 steam dragons
  2 neqoxecs (Abyss:3)
  15 yaks
  2 basilisks
  A hungry ghost (D:13)
  5 swamp worm simulacra (Swamp:4)
  Grum (D:9)
  18 vampire mosquitoes
  A chaos spawn (Abyss:3)
  53 nagas
  10 wargs
  6 swamp worms
  6 water moccasins
  2 insubstantial wisps (Abyss:3)
  6 hydra simulacra (Swamp:4)
  6 porcupines
  3 acid dragons
  A soldier ant (D:15)
  Duvessa (D:7)
  2 swamp drakes (Swamp:1)
  6 ice beasts
  2 black bears
  A hornet zombie (D:10)
  A necrophage (D:10)
  3 sky beasts
  27 ogres
  38 orc warriors
  14 wolves
  22 boggarts
  13 centaurs
  16 crocodiles
  Blork the orc (D:6)
  A big kobold (D:11)
  18 bullfrogs
  A wyvern zombie (D:13)
  Dowan (D:7)
  2 water moccasin skeletons
  A wyvern skeleton (D:7)
  5 scorpions
  11 killer bees
  2 small abominations (Abyss:3)
  A wight (D:10)
  5 howler monkeys
  5 electric eels
  2 bullfrog zombies
  9 crimson imps
  2 quasits
  5 centaur zombies
  4 bullfrog skeletons
  3 centaur skeletons
  8 hounds
  A gnoll shaman (D:5)
  27 orc priests
  3 jellies
  16 orc wizards
  6 iguanas
  12 worker ants
  A killer bee zombie (D:8)
  A hound zombie (D:6)
  2 hound skeletons
  A worker ant zombie (D:7)
  Robin (D:2)
  2 howler monkey skeletons
  12 adders
  7 gnolls
  2 shadow imps
  A white imp (Abyss:3)
  3 oozes
  A swamp drake simulacrum (Swamp:4)
  3 adder zombies
  2 worms
  4 dart slugs (D:1)
  2 leopard geckos
  99 orcs
  3 ball pythons
  12 giant cockroaches
  18 goblins
  6 hobgoblins
  6 jackals (D:6)
  16 kobolds
  7 quokkas
  14 bats
  4 frilled lizards
  A leopard gecko skeleton (D:4)
  A leopard gecko zombie (D:6)
  2 quokka skeletons
  7 rats
  2 crawling corpses (Vaults:3)
  A fungus (Lair:2)
  9 plants
  2 starspawn tentacles (Abyss:3)
1362 creatures vanquished.

Vanquished Creatures (collateral kills)
  Nikola (Swamp:2)
  A thorn hunter (Swamp:3)
  The ghost of Yjimoseergh the Spry, an adept SpFE of Dithmenos (Vaults:1)
  A nagaraja (Snake:4)
  A vault warden (Vaults:4)
  An entropy weaver (Abyss:3)
  2 yaktaur captains
  Harold (D:9)
  A starcursed mass (Abyss:3)
  An ice dragon (Swamp:4)
  2 vault guards (Vaults:4)
  A naga warrior (Snake:2)
  A hydra (Swamp:4)
  A shambling mangrove (Swamp:3)
  Erica (D:9)
  A satyr (Abyss:3)
  2 orc high priests (Orc:2)
  2 thrashing horrors (Abyss:3)
  A naga sharpshooter (Snake:4)
  2 salamander mystics
  An unseen horror (D:14)
  2 skeletal warriors (D:14)
  3 orc knights
  A deep elf mage (D:14)
  A swamp dragon (Abyss:3)
  A vault sentinel (Vaults:4)
  An apocalypse crab (Abyss:3)
  A smoke demon (Abyss:3)
  3 naga magi (Snake:4)
  A spiny frog (Swamp:4)
  2 yaktaurs (Vaults:4)
  A freezing wraith (D:14)
  2 hornets (Swamp:3)
  4 slime creatures (Swamp:2)
  2 bog bodies (Lair:4)
  2 raiju (Abyss:3)
  A tyrant leech (Swamp:4)
  A blink frog (shapeshifter) (D:14)
  A wraith (Vaults:1)
  2 swamp worm simulacra (Swamp:4)
  2 vampire mosquitoes (D:14)
  9 hydra simulacra (Swamp:4)
  11 nagas
  11 orc warriors
  2 swamp drakes
  An ice beast (D:8)
  A boggart (Vaults:1)
  8 orc priests (Orc:2)
  An iron imp (Abyss:3)
  A hound zombie (D:8)
  10 orcs
  2 briar patches (Swamp:3)
  A butterfly (Lair:4)
118 creatures vanquished.

Vanquished Creatures (others)
  2 yaktaur captains
  A vault guard (D:13)
  An ice dragon (Swamp:4)
  An unseen horror (shapeshifter) (Depths:1)
  A wizard (Vaults:3)
  An ironbrand convoker (Vaults:3)
  A cyclops (Vaults:2)
  6 yaktaurs
  A swamp worm (Swamp:4)
  3 boggarts
  An orc (Orc:2)
  4 briar patches (Swamp:3)
  2 bushes
  A fungus (Lair:3)
  A lurking horror (Abyss:3)
  30 plants
  4 starspawn tentacles (Abyss:3)
61 creatures vanquished.

Grand Total: 1541 creatures vanquished

Notes
Turn   | Place    | Note
-------+----------+-------------------------------------------
     0 | D:1      | BarneyGumball the Minotaur Berserker began the quest for
                  | the Orb.
     0 | D:1      | Reached XP level 1. HP: 19/19 MP: 0/0
   112 | D:1      | Reached XP level 2. HP: 25/26 MP: 1/1
   470 | D:1      | Reached XP level 3. HP: 30/31 MP: 2/2
  1010 | D:2      | Noticed Robin
  1017 | D:2      | Reached skill level 5 in Axes
  1020 | D:2      | Killed Robin
  1021 | D:2      | Reached ** piety under Trog
  1025 | D:2      | Reached XP level 4. HP: 38/39 MP: 3/3
  1447 | D:2      | Found a runed translucent door.
  1448 | D:2      | Noticed Crazy Yiuf
  1624 | D:2      | Reached XP level 5. HP: 45/45 MP: 4/4
  1859 | D:2      | Found a radiant altar of Vehumet.
  2184 | D:3      | Reached *** piety under Trog
  2505 | D:4      | Found Irhit's Armour Shop.
  2527 | D:4      | Reached XP level 6. HP: 51/51 MP: 5/5
  2579 | D:4      | Found a runed translucent door.
  2580 | D:4      | Noticed TheOrbIsALie's ghost (novice GnWn)
  2657 | D:4      | Reached skill level 5 in Armour
  2823 | D:4      | Reached XP level 7. HP: 50/57 MP: 6/6
  2887 | D:4      | Found Dezaer's General Store.
  2899 | D:4      | Bought a potion of curing for 42 gold pieces
  2899 | D:4      | Bought a potion of cancellation for 112 gold pieces
  2965 | D:4      | Found Eruajeod's Armour Shoppe.
  2991 | D:4      | Found a staircase to the Ecumenical Temple.
  3087 | D:4      | Noticed Eustachio
  3097 | D:4      | Found a basalt altar of Yredelemnul.
  3108 | D:4      | Killed Eustachio
  3145 | D:4      | Found a blossoming altar of Fedhas.
  3460 | D:5      | Entered Level 5 of the Dungeon
  3471 | D:5      | Found Oqosac's Assorted Antiques.
  3516 | D:5      | Found Buaj's Armour Emporium.
  3526 | D:5      | Bought a +0 large shield for 58 gold pieces
  3606 | D:5      | Reached skill level 1 in Shields
  3626 | D:5      | Reached XP level 8. HP: 42/64 MP: 7/7
  3764 | D:5      | Reached **** piety under Trog
  3773 | D:5      | Reached skill level 10 in Axes
  4013 | D:5      | Found Kixesch's Armour Emporium.
  4349 | D:5      | Found Toenimim's Magic Scroll Shop.
  4373 | D:5      | Found Hoafuere's Antique Weapon Emporium.
  4746 | D:6      | Found an opulent altar of Gozag.
  4824 | D:6      | Noticed Blork the orc
  4841 | D:6      | Killed Blork the orc
  4841 | D:6      | Reached XP level 9. HP: 68/70 MP: 8/8
  5333 | D:6      | Found a deep blue altar of Sif Muna.
  5463 | D:7      | Reached skill level 5 in Shields
  5470 | D:7      | Reached ***** piety under Trog
  5553 | D:7      | Noticed Duvessa
  5553 | D:7      | Noticed Dowan
  5560 | D:7      | Killed Dowan
  5563 | D:7      | Killed Duvessa
  5942 | D:8      | Noticed Joseph
  5953 | D:8      | Killed Joseph
  5982 | D:8      | Found a runed translucent gate.
  5982 | D:8      | Found a runed translucent gate.
  5982 | D:8      | Found a runed translucent gate.
  5982 | D:8      | Noticed Ihryk's ghost (novice CeHu)
  6082 | D:8      | Reached XP level 10. HP: 77/77 MP: 9/9
  6334 | D:8      | Found a glowing silver altar of Zin.
  6398 | D:8      | Found a staircase to the Lair.
  6399 | D:8      | Found a bloodstained altar of Trog.
  6436 | D:8      | Found an iron altar of Okawaru.
  6436 | D:8      | Found a burning altar of Makhleb.
  6438 | D:8      | Found a hide-covered altar of Uskayaw.
  6438 | D:8      | Found a shattered altar of Ashenzari.
  6552 | D:8      | Found Immif's Distillery.
  6560 | D:8      | Bought a potion of might for 60 gold pieces
  6560 | D:8      | Bought a potion of heal wounds for 75 gold pieces
  6701 | D:9      | Noticed Erica
  6703 | D:9      | Noticed Harold
  6713 | D:9      | Killed Erica
  6715 | D:9      | Killed Harold
  6715 | D:9      | Reached skill level 10 in Armour
  6878 | D:9      | Noticed Psyche
  6888 | D:9      | Killed Psyche
  7061 | D:9      | Noticed Grum
  7079 | D:9      | Killed Grum
  7143 | D:9      | Got a crystal flail
  7149 | D:9      | Identified the cursed +0 flail "Qanecs" {crush, MR+ SInv}
                  | (You found it on level 9 of the Dungeon)
  7883 | D:10     | Entered Level 10 of the Dungeon
  8126 | D:10     | Reached XP level 11. HP: 76/82 MP: 10/10
  8180 | D:10     | Received a gift from Trog
  8965 | D:11     | Noticed a two-headed ogre
  8974 | D:11     | Killed a two-headed ogre
  8974 | D:11     | Reached skill level 15 in Axes
  9471 | D:11     | Noticed Erolcha
  9476 | D:11     | Killed Erolcha
  9903 | D:11     | Noticed a white ugly thing
  9914 | D:11     | Killed a white ugly thing
 10192 | D:5      | Bought a +0 plate armour of poison resistance for 351 gold
                  | pieces
 10313 | Lair:1   | Entered Level 1 of the Lair of Beasts
 10419 | Lair:1   | Noticed an eight-headed hydra
 10431 | Lair:1   | Killed a six-headed hydra
 10437 | Lair:1   | Reached skill level 10 in Shields
 10794 | Lair:1   | Reached ****** piety under Trog
 11256 | Lair:2   | Reached XP level 12. HP: 77/90 MP: 11/11
 11297 | Lair:2   | Found a runed translucent gate.
 11297 | Lair:2   | Found a runed translucent gate.
 11299 | Lair:2   | Found a runed translucent gate.
 11303 | Lair:2   | Noticed Anathematize's ghost (novice MfIE)
 11303 | Lair:2   | Noticed a 13-headed hydra
 11305 | Lair:2   | Noticed an 11-headed hydra
 11320 | Lair:2   | Received a gift from Trog
 11947 | Lair:2   | Noticed a six-headed hydra
 11955 | Lair:2   | Killed a three-headed hydra
 12027 | Lair:2   | Noticed a death yak
 12036 | Lair:2   | Killed a death yak
 12491 | Lair:3   | Found the +10 dark maul {crush}
 12532 | Lair:3   | Noticed a five-headed hydra
 12543 | Lair:3   | Killed a one-headed hydra
 14207 | Lair:4   | Noticed an eight-headed hydra
 14216 | Lair:4   | Killed a four-headed hydra
 14370 | Lair:4   | Found a staircase to the Snake Pit.
 14550 | Lair:4   | Found a staircase to the Swamp.
 14569 | Lair:4   | Reached XP level 13. HP: 40/95 MP: 12/12
 15452 | Lair:5   | Received a gift from Trog
 15640 | Lair:5   | You fall through a shaft!
 15640 | Lair:6   | Entered Level 6 of the Lair of Beasts
 15939 | Lair:5   | Found a runed translucent door.
 15941 | Lair:5   | Found a viscous altar of Jiyva.
 15947 | Lair:5   | Found a staircase to the Slime Pits.
 16927 | D:12     | Noticed Sonja
 16939 | D:12     | Killed Sonja
 17382 | D:12     | Found a staircase to the Orcish Mines.
 17842 | Orc:1    | Entered Level 1 of the Orcish Mines
 17843 | Orc:1    | Found a transporter.
 18037 | Orc:1    | Found a transporter.
 18037 | Orc:1    | Noticed myxocpahck's ghost (journeyman DsGl)
 18038 | Orc:1    | Found a transporter.
 18038 | Orc:1    | Identified the cursed +2 dire flail of Offence {drain,
                  | *Slow +Fly rC+}
 18247 | Orc:1    | Noticed a stone giant
 18251 | Orc:1    | Found a roughly hewn altar of Beogh.
 18251 | Orc:1    | Found a transporter.
 18287 | Orc:1    | Paralysed by an orc sorcerer for 2 turns
 18295 | Orc:1    | HP: 7/142 [orc knight/+0 great sword (12)]
 18611 | Orc:2    | Entered Level 2 of the Orcish Mines
 18617 | Orc:2    | Noticed a stone giant
 19081 | Orc:1    | Killed a stone giant
 19081 | Orc:1    | Reached skill level 15 in Armour
 19415 | Orc:2    | Noticed Saint Roka
 19442 | Orc:2    | Killed Saint Roka
 19442 | Orc:2    | Received a gift from Trog
 19807 | Orc:2    | Found a staircase to the Elven Halls.
 20161 | Orc:2    | Reached XP level 14. HP: 98/104 MP: 13/13
 20175 | Orc:2    | HP: 3/157 [orc priest/divine providence (12)]
 20535 | Orc:2    | Reached skill level 5 in Fighting
 20997 | Orc:2    | Found Ovysu's Magic Scroll Emporium.
 21000 | Orc:2    | Found Vycarhiy's Magic Scroll Shoppe.
 21001 | Orc:2    | Found Yvyod's Antique Weapon Emporium.
 21002 | Orc:2    | Found Ecry's General Store.
 21006 | Orc:2    | Bought a scroll of blinking for 90 gold pieces
 21933 | D:4      | Bought a +2 crystal plate armour for 920 gold pieces
 22595 | D:13     | Found a gate to the Vaults.
 22623 | D:13     | Identified the +6 plate armour "Odghil" {Str+4 Dex+3} (You
                  | found it on level 13 of the Dungeon)
 22751 | D:14     | Received a gift from Trog
 22937 | D:14     | Found a runed translucent door.
 22946 | D:14     | Found a runed translucent door.
 22988 | D:14     | Found a runed translucent door.
 23011 | D:14     | Reached skill level 1 in Throwing
 23369 | D:14     | Found a runed translucent door.
 23480 | D:14     | Reached skill level 10 in Fighting
 23957 | D:15     | Entered Level 15 of the Dungeon
 24307 | D:15     | Noticed a fire giant
 24308 | D:15     | Found a staircase to the Depths.
 24409 | D:15     | Reached XP level 15. HP: 115/127 MP: 14/14
 25397 | Swamp:1  | Entered Level 1 of the Swamp
 26533 | Swamp:2  | Received a gift from Trog
 26556 | Swamp:2  | Noticed Nikola
 26566 | Swamp:2  | Killed Nikola
 27310 | Swamp:3  | Noticed a thorn hunter
 27323 | Swamp:3  | Killed a thorn hunter
 27584 | Swamp:4  | Entered Level 4 of the Swamp
 28293 | Swamp:4  | Reached skill level 5 in Throwing
 28890 | Swamp:4  | Received a gift from Trog
 28902 | Swamp:4  | HP: 5/134 [four-headed hydra simulacrum (8)]
 29982 | D:4      | Bought a scarf of resistance for 320 gold pieces
 30287 | Swamp:4  | Got a decaying rune of Zot
 30447 | Snake:1  | Entered Level 1 of the Snake Pit
 30516 | Snake:1  | Found Omedauci's Magic Scroll Boutique.
 30522 | Snake:1  | Bought a scroll of blinking for 135 gold pieces
 31181 | Snake:1  | Reached XP level 16. HP: 144/144 MP: 15/15
 33002 | Snake:3  | Received a gift from Trog
 33293 | Snake:4  | Entered Level 4 of the Snake Pit
 33509 | Snake:4  | Reached skill level 15 in Fighting
 33851 | Snake:4  | Received a gift from Trog
 34233 | Snake:4  | Reached XP level 17. HP: 138/157 MP: 16/16
 34303 | Snake:4  | Got a serpentine rune of Zot
 35264 | Vaults:1 | Entered Level 1 of the Vaults
 35333 | Vaults:1 | Received a gift from Trog
 35484 | Vaults:1 | Received a gift from Trog
 35766 | Vaults:1 | Cast into level 2 of the Abyss (a wizard)
 35810 | Vaults:1 | Escaped the Abyss
 36192 | Vaults:1 | Received a gift from Trog
 36536 | Vaults:1 | Found a runed translucent gate.
 36536 | Vaults:1 | Found a runed translucent gate.
 36536 | Vaults:1 | Found a runed translucent gate.
 36538 | Vaults:1 | Noticed Yjimoseergh's ghost (adept SpFE)
 36733 | Vaults:1 | Identified the ring "Ynoego" {*Slow +Fly rN++ Slay+5}
 36748 | Vaults:1 | Reached skill level 10 in Throwing
 36764 | Vaults:1 | Paralysed by the power of Zot for 4 turns
 36786 | Vaults:1 | Cast into level 3 of the Abyss (the power of Zot)
 36791 | Abyss:3  | Gained mutation: You are frail. (-10% HP) [mutagenic glow]
 36865 | Abyss:3  | HP: 4/146 [raiju/living lightning (10)]
 36918 | Abyss:3  | Noticed a bone dragon
 37028 | Abyss:3  | Reached XP level 18. HP: 56/154 MP: 17/17
 37056 | Abyss:3  | Received a gift from Trog
 37091 | Vaults:1 | Escaped the Abyss
 37114 | Vaults:1 | Killed Yjimoseergh's ghost
 37135 | Vaults:1 | Got a translucent cloak
 37146 | Vaults:1 | Identified the +2 cloak of Muggyaz {Dex+7} (You found it on
                  | level 1 of the Vaults)
 37752 | Vaults:2 | Found a staircase to the Crypt.
 37752 | Vaults:2 | Found an ancient bone altar of Kikubaaqudgha.
 37753 | Vaults:2 | Found a basalt altar of Yredelemnul.
 37831 | Vaults:2 | Received a gift from Trog
 38093 | Vaults:2 | Noticed an Ice Fiend
 38853 | Vaults:3 | Found Iffifuiz's Antique Weapon Boutique.
 38858 | Vaults:3 | Bought a runed broad axe for 329 gold pieces
 38914 | Vaults:3 | Reached skill level 1 in Evocations
 38949 | Vaults:3 | Received a gift from Trog
 39095 | Vaults:3 | Received a gift from Trog
 39311 | Vaults:3 | Received a gift from Trog
 39512 | Vaults:3 | Received a gift from Trog
 39515 | Vaults:3 | Found Nestron's Magic Scroll Emporium.
 39633 | Vaults:3 | Reached XP level 19. HP: 155/165 MP: 20/20
 39652 | Vaults:3 | Reached skill level 15 in Shields
 39661 | Vaults:3 | Received a gift from Trog
 39674 | Vaults:3 | Paralysed by a hornet for 3 turns
 39862 | Vaults:3 | Noticed Asterion
 39890 | Vaults:3 | Killed Asterion
 39894 | Vaults:3 | Received a gift from Trog
 39999 | Vaults:3 | Bought a scroll of teleportation for 63 gold pieces
 40044 | Vaults:3 | Found Iqurim's Assorted Antiques.
 40103 | Vaults:3 | Found Suvustem's Magic Scroll Boutique.
 40748 | Vaults:4 | Received a gift from Trog
 41230 | Vaults:4 | Found Kion's Jewellery Shoppe.
 41236 | Vaults:4 | Bought an uncursed ring of poison resistance for 280 gold
                  | pieces
 41708 | Depths:1 | Entered Level 1 of the Depths
 41955 | Depths:1 | Found a gateway to Hell.
 41981 | Depths:1 | Reached skill level 5 in Evocations
 42232 | Depths:1 | Received a gift from Trog
 42806 | Depths:2 | Found a gateway to a ziggurat.
 43028 | Depths:2 | Received a gift from Trog
 43056 | Depths:2 | Found a one-way gate to the infinite horrors of the Abyss.
 43098 | Depths:2 | Reached XP level 20. HP: 162/178 MP: 23/23
 43100 | Depths:2 | Received a gift from Trog
 43102 | Depths:2 | Cast into level 3 of the Abyss (a wizard)
 43102 | Abyss:3  | Found a corrupted altar of Lugonu.
 43202 | Abyss:3  | Found a corrupted altar of Lugonu.
 43207 | Abyss:3  | Got an abyssal rune of Zot
 43515 | Depths:2 | Escaped the Abyss
 43540 | Depths:2 | Got a dazzling broad axe {god gift}
 43541 | Depths:2 | Identified the +3 broad axe "Anaoxac" {chop, +Fly} (Trog
                  | gifted it to you on level 2 of the Depths)
 43756 | Depths:2 | Paralysed by a sphinx for 3 turns
 44618 | Depths:2 | Found Pauvuciu's Gadget Shoppe.
 44619 | Depths:2 | Found Ypuon's Jewellery Shop.
 44620 | Depths:2 | Found Xuytyiph's Gadget Shoppe.
 44884 | Depths:3 | Found a large runed translucent door.
 44884 | Depths:3 | Found a large runed translucent door.
 44886 | Depths:3 | Noticed Dameikh's ghost (veteran FoFi)
 45169 | Depths:3 | Received a gift from Trog
 45607 | Depths:3 | Received a gift from Trog
 45641 | Depths:3 | Killed from afar by a titan

Skill      XL: |  1  2  3  4  5  6  7  8  9 10 11 12 13 14 15 16 17 18 19 20 |
---------------+-------------------------------------------------------------+-----
Axes           | 4 5 6 7 8 9 11 12 14 16 18 19 20 | 20.0
Armour         | 3 4 5 6 8 9 10 12 13 15 16 17 18 19 20 21 | 21.2
Shields        | 1 4 6 8 10 12 14 15 16 | 16.6
Fighting       | 4 10 13 15 18 19 21 | 21.9
Throwing       | 2 5 8 10 11 12 | 12.0
Evocations     | 3 5 7 |  7.3
Dodging        | |  2.1

Action                   |  1- 3 |  4- 6 |  7- 9 | 10-12 | 13-15 | 16-18 | 19-21 || total
-------------------------+-------+-------+-------+-------+-------+-------+-------++-------
Melee: Hand axe          |    49 |   188 |   314 |   571 |    26 |       |       ||  1148
       Headbutt          |    14 |    29 |    51 |   114 |   314 |   335 |   217 ||  1074
       Scimitar          |       |       |       |    18 |    30 |       |       ||    48
       Broad axe         |       |       |       |       |   658 |  1258 |   691 ||  2607
       Battleaxe         |       |       |       |       |   495 |       |       ||   495
Throw: Throwing net      |       |       |       |       |     1 |       |       ||     1
Invok: Berserk           |     1 |     2 |     7 |     8 |    14 |    22 |    10 ||    64
       Brothers in Arms  |       |       |     1 |     2 |    19 |    14 |     8 ||    44
       Trog's Hand       |       |       |       |     1 |     5 |     8 |     6 ||    20
  Use: Scroll            |       |       |    12 |     8 |    27 |    21 |    10 ||    78
       Potion            |       |       |       |     1 |    10 |    10 |     3 ||    24
 Stab: Sleeping          |     1 |       |       |       |       |       |       ||     1
       Distracted        |       |       |       |       |     3 |     2 |     4 ||     9
       Confused          |       |       |       |       |     4 |       |       ||     4
  Eat: Chunk             |       |     9 |    11 |    24 |    32 |    12 |     6 ||    94
       Ration            |       |       |     2 |     3 |    15 |    15 |     7 ||    42
Armor: Animal skin       |     7 |       |       |       |       |       |       ||     7
       Scale mail        |     9 |    19 |       |       |       |       |       ||    28
       Plate armour      |       |    95 |   113 |   145 |   337 |    97 |       ||   787
       Crystal plate arm |       |       |       |       |   248 |   238 |   358 ||   844
Dodge: Dodged            |    32 |    75 |    67 |    69 |   228 |   122 |    92 ||   685
Block: Large shield      |       |       |   160 |   464 |   764 |  1204 |   773 ||  3365
       Reflection        |       |       |       |     7 |    27 |   113 |    52 ||   199
       Other             |       |       |       |       |    55 |       |       ||    55
